 Dungeon Crawl Stone Soup version 0.30.0-10-gfe55d96785 (webtiles) character file.

Game seed: 7789445171848481392

105 buriedalive the Chiller (level 4, -1/36 HPs)
             Began as a Deep Elf Ice Elementalist on May 15, 2023.
             Slain by Sigmund
             ... wielding a +0 scythe
              (5 damage)
             ... on level 3 of the Dungeon.
             The game lasted 00:05:19 (2523 turns).

buriedalive the Chiller (Deep Elf Ice Elementalist) Turns: 2523, Time: 00:05:19

Health: -1/36      AC: 26    Str:  5    XL:     4   Next: 53%
Magic:  9/12       EV:  2    Int: 22    God:
Gold:   54         SH:  0    Dex: 15    Spells: 1/12 levels left

rFire   . . .        g - +0 dagger
rCold   . . .        (no shield)
rNeg    + . .        a - melded +0 robe
rPois   +            (helmet currently unavailable)
rElec   .            (cloak currently unavailable)
rCorr   .            (gloves currently unavailable)
SInv    .            (boots currently unavailable)
Will    .....        (no amulet)
Stlth   ++           s - +4 ring of protection
HPRegen 0.26/turn    t - ring of positive energy
MPRegen 0.13/turn

%: no passive effects
@: mighty, tree-form, freezing walls
A: stationary, stasis, torment immunity, boosted hp
a: no special abilities


You were on level 3 of the Dungeon.
You were a tree.
You visited 1 branch of the dungeon, and saw 3 of its levels.

You collected 54 gold pieces.

Inventory:

Hand Weapons
 g - a +0 dagger (weapon)
Missiles
 h - 31 stones
 o - 2 throwing nets
 r - 8 poisoned darts
Armour
 a - a +0 robe (melded)
Jewellery
 s - a +4 ring of protection (left branch)
 t - a ring of positive energy (right branch)
 u - a ring of willpower
 x - a ring of fire
Wands
 y - a wand of flame (3)
Scrolls
 e - a scroll of enchant armour {unknown}
 i - a scroll of blinking {unknown}
 j - 3 scrolls of magic mapping {unknown}
 n - 3 scrolls of teleportation {unknown}
 q - a scroll of enchant weapon {unknown}
 v - a scroll of fear {unknown}
 w - a scroll of torment {unknown}
 z - a scroll of fog {unknown}
Potions
 b - 2 potions of magic
 c - a potion of attraction {unknown}
 d - 2 potions of might
 f - 2 potions of lignification
 k - a potion of heal wounds {unknown}
 l - 2 potions of flight
 m - a potion of experience {unknown}
 p - a potion of mutation {unknown}


   Skills:
 + Level 3.9 Dodging
 - Level 2.4 Stealth
 + Level 4.5 Spellcasting
 + Level 5.1 Ice Magic


You had one spell level left.
You knew the following spells:

 Your Spells              Type           Power      Damage    Failure   Level
a - Freeze                Ice            100%       1d10      1%          1
b - Ozocubu's Armour      Ice            27%        N/A       3%          3
c - Frozen Ramparts       Ice            54%        1d9       3%          3
d - Summon Ice Beast      Ice/Summ       16%        N/A       36%         4

Your spell library contained the following spells:

 Spells                   Type           Power      Damage    Failure   Level
 Stone Arrow              Conj/Erth      8%         3d7       32%         3
 Animate Armour           Summ/Erth      8%         N/A       71%         4
 Lehudib's Crystal Spear  Conj/Erth      2%         10d2      100%        8


Dungeon Overview and Level Annotations

Branches:
Dungeon (3/15)

Altars:
The Shining One

Annotations:
D:1 1 transporter
D:3 Sigmund


Message History

Confirm with . or Enter, or press ? or * to list all spells.
The spell is quite dangerous to miscast (3% risk of failure)!
Continue anyway?
Casting: Frozen Ramparts (quite dangerous; 3% risk of failure)
Press: ? - help, Dir - look around, f - activate The walls around you are covered in ice.
The wall freezes the ball python.
You kill the ball python!
The wall freezes the orc!
You kill the orc!
The wall freezes the ball python.
The ball python seems to slow down.
The ball python bites you but does no damage.
The ball python misses you.
Sigmund the Dreaded comes into view.
He is wielding a +0 scythe.
The wall freezes the kobold but does no damage.
The wall freezes the orc.
You hit the ball python.
The ball python is severely wounded.
The wall freezes the ball python.
You kill the ball python!
The wall freezes Sigmund.
Sigmund casts a spell at you. The magic dart hits you!
The wall freezes the kobold!
You kill the kobold!
The wall freezes the orc. x2
It was a potion of might.
You feel very mighty all of a sudden.
The wall freezes Sigmund!
Sigmund hits you from afar with a +0 scythe!
* * * LOW HITPOINT WARNING * * *
The wall freezes the orc!
You kill the orc!
The wall freezes the orc.
It was a potion of lignification.
You turn into a tree.
Your +0 robe melds into your body.
Your roots penetrate the ground.
The wall freezes the orc.
You kill the orc!
It was a potion of flight.
Your roots keep you in place.
The wall freezes Sigmund.
Sigmund hits you from afar with a +0 scythe.
You die...

...... ....#
...#.# #..###...##
...... .... .....#
...... ##..#
#.o.##.## #.###.
....###...o.... .#
#.....)##.#.## #
#..###)# #
#..###)##@# #
####.###.....#♣..#
.....).)...##.####
# ####.####..##.#
#..##.# #..##..
######..####
...........#
##########.# #.#


You could see Sigmund.

Vanquished Creatures
  An adder (D:3)
  2 worms
  A dart slug (D:1)
  7 orcs (D:3)
  8 endoplasms
  4 giant cockroaches
  9 goblins
  4 hobgoblins
  8 jackals
  4 quokkas
  8 ball pythons
  2 bats
  A frilled lizard (D:1)
  4 kobolds
  7 rats
  A spectral kobold (D:2)
71 creatures vanquished.

Notes
Turn   | Place    | Note
-------+----------+-------------------------------------------
     0 | D:1      | buriedalive the Deep Elf Ice Elementalist began the quest
                  | for the Orb.
     0 | D:1      | Reached XP level 1. HP: 10/10 MP: 6/6
   183 | D:1      | Reached XP level 2. HP: 9/15 MP: 1/8
   886 | D:1      | Reached XP level 3. HP: 19/19 MP: 10/10
  1073 | D:1      | Learned a level 3 spell: Ozocubu's Armour
  1094 | D:1      | Learned a level 3 spell: Frozen Ramparts
  1687 | D:2      | Found a faded altar of an unknown god.
  1976 | D:3      | Reached skill level 5 in Ice Magic
  1979 | D:3      | Reached XP level 4. HP: 24/24 MP: 6/12
  2395 | D:3      | Learned a level 4 spell: Summon Ice Beast
  2426 | D:3      | Found a glowing golden altar of the Shining One.
  2519 | D:3      | Noticed Sigmund
  2523 | D:3      | Slain by Sigmund

Illustrated notes

Levels and vault maps discovered:
D:1:      spicycebolla_arrival_risky_transporter, layout_basic,
          minmay_close_crescents
D:2:      layout_basic, dreamdust_ecumenical_altar_drowned_temple
D:3:      layout_loops_ring, mainiacjoe_overflow_boulevard, uniq_sigmund

Skill      XL: |  1  2  3 |
---------------+----------+-----
Dodging        | 3 |  3.9
Spellcasting   | 4 |  4.5
Ice Magic      | 5 |  5.1
Stealth        | |  2.4

Action                     |  1- 3 |  4- 6 || total
---------------------------+-------+-------++-------
  Melee: Unarmed           |     6 |       ||     6
         Dagger            |    30 |     9 ||    39
   Cast: Freeze            |    54 |     6 ||    60
         Frozen Ramparts   |     3 |     4 ||     7
    Use: Potion            |       |     3 ||     3
   Stab: Sleeping          |     5 |     1 ||     6
 Armour: Robe              |    14 |     7 ||    21
  Dodge: Dodged            |    35 |    12 ||    47
